 Dungeon Sprint DCSS version 0.22.1-1-ga44c0e5 (webtiles) character file.

8 aMcNicky the Firebug (level 2, -1/18 HPs)
             Began as an Octopode Fire Elementalist on Nov 10, 2018.
             Was an Initiate of Vehumet.
             Slain by a hand axe of flaming (4 damage)
             ... in the Dungeon (Sprint V: "Ziggurat Sprint").
             The game lasted 00:01:24 (76 turns).

aMcNicky the Firebug (Octopode Fire Elementalist)     Turns: 76, Time: 00:01:25

Health: -1/18      AC:  1    Str: 19    XL:     2   Next: 8%
Magic:  5/5        EV:  7    Int: 29    God:    Vehumet [......]
Gold:   0          SH: 27    Dex: 24    Spells: 4/5 levels left

rFire    . . .     SeeInvis .   B - +6 shillelagh "Devastator" {shatter}
rCold    . . .     Gourm    .   D - +18 shield of the Gong {rElec rN+ MR+ EV-5}
rNeg     + . .     Faith    .   (helmet restricted)
rPois    .         Spirit   .   (no amulet)
rElec    +         Reflect  .   x - +6 ring of dexterity
rCorr    .         Harm     .   X - +6 ring of dexterity
MR       +....     NoTele   +   i - +6 ring of intelligence
Stlth    ++++......             I - +6 ring of intelligence
HPRegen  0.06/turn              s - +6 ring of strength
MPRegen  0.09/turn              S - +6 ring of strength
                                (no ring)
                                (no ring)

@: no status effects
A: almost no armour, stealthy swim, amphibious, 8 rings, constrict 8, camouflage
1, gelatinous body 1
a: Renounce Religion


You were in the Dungeon.
You worshipped Vehumet.
Vehumet was noncommittal.
You were not hungry.

You visited 1 branch

Inventory:

Hand Weapons
 B - the +6 shillelagh "Devastator" (weapon) {shatter}
   (You found it in the Dungeon)
 C - the +6 Majin-Bo {vamp, Archmagi MP+6 Int+6}
   (You found it in the Dungeon)

   It inflicts no extra harm, but heals its wielder when it wounds a living foe.
   It affects your intelligence (+6).
   It affects your magic capacity (+6).
Armour
 D - the +18 shield of the Gong (worn) {rElec rN+ MR+ EV-5}
   (You found it in the Dungeon)

   It affects your evasion (-5).
   It insulates you from electricity.
   It protects you from negative energy.
   It affects your resistance to hostile enchantments.
Magical Staves
 w - an uncursed staff of energy
Jewellery
 i - a +6 ring of intelligence (on tentacle)
 s - a +6 ring of strength (on tentacle)
 v - an uncursed ring of see invisible
 x - a +6 ring of dexterity (left tentacle)
 I - a +6 ring of intelligence (on tentacle)
 S - a +6 ring of strength (on tentacle)
 X - a +6 ring of dexterity (right tentacle)
Wands
 t - a wand of disintegration (7)
 u - a wand of iceblast (4)
 E - a wand of acid (6)
Scrolls
 h - 4 scrolls of blinking
 n - 4 scrolls of amnesia
 o - 7 scrolls of fog
 p - a scroll of holy word
 q - 5 scrolls of identify {@r1}
 r - 5 scrolls of remove curse {@r2}
 A - 2 scrolls of fear
Potions
 a - 2 potions of brilliance
 c - 10 potions of curing {@q1}
 d - 10 potions of heal wounds {@q2}
 e - 6 potions of haste {@q3}
 f - 7 potions of magic
 g - 3 potions of berserk rage
 j - 4 potions of resistance
 k - a potion of experience
 l - 5 potions of agility
 m - 5 potions of might
 z - 2 potions of invisibility
Miscellaneous
 y - a crystal ball of energy
 F - a lamp of fire
Comestibles
 b - 7 rations {@e1}


   Skills:
 + Level 1.0 Fighting
 * Level 1.6 Maces & Flails
 + Level 2.4 Dodging
 - Level 2.6 Stealth
 + Level 1.0 Shields
 + Level 2.3 Spellcasting
 + Level 1.5 Conjurations
 + Level 3.3 Fire Magic


You had 4 spell levels left.
You knew the following spells:

 Your Spells              Type           Power        Failure   Level  Hunger
a - Flame Tongue          Conj/Fire      ###..        19%         1    None

Your spell library contained the following spells:

 Spells                   Type           Power        Failure   Level  Hunger
 Throw Flame              Conj/Fire      ###...       28%         2    ##.....
 Conjure Flame            Conj/Fire      ###.....     50%         3    ###....
 Inner Flame              Hex/Fire       ##......     61%         3    ###....
 Sticky Flame             Conj/Fire      ###.....     88%         4    ####...
 Fireball                 Conj/Fire      ###.......   99%         5    ######.


Dungeon Overview and Level Annotations

Branches:
Dungeon (1/1)

Altars:
Ashenzari
Cheibriados
Dithmenos
Elyvilon
Fedhas
Gozag
Hepliaklqana
Kikubaaqudgha
Makhleb
Nemelex Xobeh
Okawaru
Qazlal
Ru
Sif Muna
Trog
Uskayaw
Vehumet
Wu Jian
Xom
Yredelemnul
Zin
The Shining One
Beogh
Jiyva
Lugonu

Annotations:
D 1 transporter


Innate Abilities, Weirdness & Mutations

You cannot wear most types of armour.
You are very stealthy in the water. (Stealth+)
You are amphibious.
You can wear up to eight rings at the same time.
You can use your tentacles to constrict eight enemies at once.
Your skin changes colour to match your surroundings (Stealth+).
Your rubbery body absorbs attacks. (AC +1, EV +1)


Message History

Evoke which item? (* to show all) (? for menu, Esc to quit)
Aiming: Corrosive Bolt
Press: ? - help, Shift-Dir - straight line The bolt of acid hits the hand axe of flaming.
The hand axe of flaming is splashed with acid.
The acid corrodes the hand axe of flaming!
The hand axe of flaming is heavily damaged.
The bolt of acid hits the deep elf mage.
The deep elf mage is splashed with acid.
The deep elf mage is moderately wounded.
You miss the hand axe of flaming.
Your grab misses the hand axe of flaming.
The hand axe of flaming is heavily damaged.
You block the hand axe of flaming's attack.
BOUMMMMG!
The hand axe of flaming hits you!
Ouch! That really hurt!
* * * LOW HITPOINT WARNING * * *
The hand axe of flaming burns you.
You die...

▓▓▓▓▓▓▓▓▓▓▓▓▓
▓.8©8.▓.8©8.▓
▓.=}).▓.....▓
▓..e..▓.....▓
▓.....▓.....▓
▓..e..▓.....▓
▓..(..▓..©..▓
▓..@..▓▓▓▓▓▓▓
▓▓▓▓▓▓▓


You could see a deep elf archer, a deep elf mage and a hand axe of flaming.

Vanquished Creatures
  2 adder zombies (D)
2 creatures vanquished.

Vanquished Creatures (others)
  A spatial maelstrom (D)
1 creature vanquished.

Grand Total: 3 creatures vanquished

Notes
Turn   | Place    | Note
-------+----------+-------------------------------------------
     0 | D        | Found the +6 Majin-Bo {vamp, Archmagi MP+6 Int+6}
     0 | D        | Found the +7 great mace "Firestarter" {inner flame, rF++}
     0 | D        | aMcNicky the Octopode Fire Elementalist began the quest for
                  | the Orb.
     0 | D        | Reached XP level 1. HP: 11/11 MP: 3/3
     0 | D        | Found a deep blue altar of Sif Muna.
     0 | D        | Found a sacrificial altar of Ru.
     0 | D        | Found a bloodstained altar of Trog.
     0 | D        | Found a stormy altar of Qazlal.
     0 | D        | Found an iron altar of Okawaru.
     0 | D        | Found a sparkling altar of Nemelex Xobeh.
     0 | D        | Found a blossoming altar of Fedhas.
     2 | D        | Found a transporter.
     2 | D        | Found an ancient bone altar of Kikubaaqudgha.
     2 | D        | Found a viscous altar of Jiyva.
     2 | D        | Found a corrupted altar of Lugonu.
     2 | D        | Found a hazy altar of Hepliaklqana.
     2 | D        | Found a burning altar of Makhleb.
     2 | D        | Found an opulent altar of Gozag.
     8 | D        | Banished a spatial maelstrom
    18 | D        | Found the +6 shillelagh "Devastator" {shatter}
    18 | D        | Found the +11 plutonium sword {*Contam Stlth-}
    18 | D        | Found the +8 lance "Wyrmbane" {slay drac, rPois rF+ rC+
                  | AC+3}
    18 | D        | Found the +9 sword of Zonguldrok {reap}
    18 | D        | Found the cursed +13 scythe of Curses {drain, *Curse}
    18 | D        | Found the +0 sword of Power
    18 | D        | Found the +7 mace of Variability {chain chaos}
    18 | D        | Found the +7 Singing Sword
    18 | D        | Found the +7 longbow "Piercer" {penet, EV-2}
    20 | D        | Found the +9 heavy crossbow "Sniper" {velocity, Acc+∞ SInv}
    20 | D        | Found the +10 dark maul {crush}
    20 | D        | Found the +15 Maxwell's patent armour {-Cast -Tele rElec
                  | MR+ rCorr}
    20 | D        | Found the +18 shield of the Gong {rElec rN+ MR+ EV-5}
    20 | D        | Found the cursed +14 obsidian axe {chop, +Fly SInv *Curse}
    46 | D        | Became a worshipper of Vehumet
    59 | D        | Entered arena 2.
    59 | D        | Found a transporter.
    61 | D        | Reached skill level 1 in Maces & Flails
    63 | D        | Reached skill level 1 in Fighting
    63 | D        | Reached skill level 1 in Shields
    63 | D        | Reached XP level 2. HP: 18/18 MP: 5/5
    73 | D        | Entered arena 3.
    73 | D        | Noticed a hand axe of flaming
    73 | D        | Noticed a deep elf mage
    73 | D        | Noticed a deep elf archer
    73 | D        | Found a transporter.
    76 | D        | Slain by a hand axe of flaming

Skill      XL: |  1 |
---------------+----+-----
Maces & Flails | 1 |  1.6
Fighting       | 1 |  1.0
Shields        | 1 |  1.0
Dodging        | |  2.4
Stealth        | |  2.6
Spellcasting   | |  2.3
Conjurations   | |  1.5
Fire Magic     | |  3.3

Action                   || total
-------------------------++-------
Melee: Shillelagh        ||     2
Evoke: Wand              ||     4
Dodge: Dodged            ||     1
Block: Shield            ||     2
